 Dungeon Crawl Stone Soup version 0.27-a0-406-g23f261fbd2 (webtiles) character file.

Game seed: 2151420056051195163

7194 dickylongcocking the Dealer of Despair (level 11, 0/81 HPs)
             Began as a Human Necromancer on Feb 22, 2021.
             Was an Elder of Kikubaaqudgha.
             Hit by a boomerang thrown by an orc warrior (13 damage)
             ... on level 10 of the Dungeon.
             The game lasted 00:19:24 (17534 turns).

dickylongcocking the Dealer of Despair (HuNe)      Turns: 17534, Time: 00:19:25

Health: 0/81       AC:  6    Str:  7    XL:     11   Next: 32%
Magic:  4/21       EV: 14    Int: 18    God:    Kikubaaqudgha [****..]
Gold:   728        SH:  0    Dex: 14    Spells: 3/23 levels left

rFire    . . .     SeeInvis .   u - +10 quarterstaff "Transmigrator" {vorpal, rPois rN+}
rCold    . . .     Faith    +   (shield currently unavailable)
rNeg     + . .     Spirit   .   g - +0 leather armour
rPois    +         Reflect  .   v - +0 helmet
rElec    .         Harm     .   (no cloak)
rCorr    +         Rampage  .   (no gloves)
Will     .....                  t - +0 pair of boots
Stlth    ++........             q - amulet of faith
HPRegen  1.23/turn              B - ring of resist corrosion
MPRegen  0.17/turn              (no ring)

@: no status effects
A: talons 1, sense surroundings 1, regeneration 1, weak 1
a: Renounce Religion, Receive Corpses


You were on level 10 of the Dungeon.
You worshipped Kikubaaqudgha.
Kikubaaqudgha was greatly pleased with you.
You visited 2 branches of the dungeon, and saw 11 of its levels.
You also visited: Sewer and Ossuary.

You collected 728 gold pieces.

Inventory:

Hand Weapons
 c - a +0 dagger
 i - a +0 short sword of venom
 r - a +1 battleaxe of flaming
 u - the +10 quarterstaff "Transmigrator" (weapon) {vorpal, rPois rN+}
   (You found it on level 9 of the Dungeon)

   It inflicts extra damage upon your enemies.
   It protects you from poison.
   It protects you from negative energy.
 w - a +2 dire flail of protection
 y - a +0 broad axe
 C - a +1 whip of holy wrath
Armour
 a - a +0 robe
 g - a +0 leather armour (worn)
 t - a +0 pair of boots (worn)
 v - a +0 helmet (worn)
 F - a +3 plate armour
Jewellery
 q - an amulet of faith (around neck)
 B - a ring of resist corrosion (left hand)
Wands
 D - a wand of iceblast (7)
Scrolls
 b - 2 scrolls of teleportation
 d - a scroll of enchant weapon
 h - 10 scrolls of identify
 j - 3 scrolls of blinking {unknown}
 k - a scroll of random uselessness {unknown}
 l - 3 scrolls of amnesia
 m - a scroll of noise {unknown}
 n - 2 scrolls of magic mapping {unknown}
 o - 2 scrolls of vulnerability {unknown}
 z - a scroll of enchant armour {unknown}
Potions
 e - a potion of mutation
 f - a potion of cancellation {unknown}
 s - a potion of berserk rage {unknown}
 x - a potion of lignification {unknown}
 E - a potion of resistance {unknown}
 G - a potion of degeneration {unknown}
 H - a potion of ambrosia {unknown}


   Skills:
 + Level 6.0 Fighting
 - Level 4.4(4.8) Maces & Flails
 * Level 2.7(4.0) Staves
 - Level 4.5 Armour
 + Level 5.3 Dodging
 - Level 2.0 Stealth
 * Level 6.9 Spellcasting
 * Level 11.3 Necromancy


You had 3 spell levels left.
You knew the following spells:

 Your Spells              Type           Power        Failure   Level
a - Pain                  Necr           100%         1%          1
b - Agony                 Necr           46%          4%          5
c - Corpse Rot            Necr/Air       N/A          2%          2
d - Animate Dead          Necr           23%          1%          4
e - Dispel Undead         Necr           46%          1%          4
f - Apportation           Tloc           12%          16%         1
x - Vampiric Draining     Necr           23%          1%          3

Your spell library contained the following spells:

 Spells                   Type           Power        Failure   Level
 Animate Skeleton         Necr           92%          1%          1
 Sublimation of Blood     Necr           23%          1%          2
 Magic Dart               Conj           24%          16%         1
 Summon Small Mammal      Summ           24%          16%         1
 Blink                    Tloc           N/A          24%         2
 Call Imp                 Summ           6%           24%         2
 Slow                     Hex            6%           24%         2
 Call Canine Familiar     Summ           6%           43%         3
 Conjure Flame            Conj/Fire      6%           43%         3
 Lesser Beckoning         Tloc           3%           43%         3
 Mephitic Cloud           Conj/Pois/Air  6%           43%         3
 Summon Guardian Golem    Hex/Summ       6%           43%         3
 Tukima's Dance           Hex            6%           43%         3
 Death Channel            Necr           23%          22%         6
 Borgnjor's Vile Clutch   Necr/Erth      13%          38%         5
 Summon Ice Beast         Ice/Summ       6%           83%         4
 Summon Lightning Spire   Summ/Air       6%           83%         4
 Simulacrum               Ice/Necr       13%          93%         6
 Alistair's Intoxication  Tmut/Pois      4%           99%         5
 Bolt of Magma            Conj/Fire/Erth 3%           99%         5
 Iskenderun's Battlesphe  Conj           6%           99%         5
 Invisibility             Hex            6%           100%        6
 Iron Shot                Conj/Erth      3%           100%        6
 Orb of Destruction       Conj           3%           100%        7
 Spellforged Servitor     Conj/Summ      3%           100%        7


Dungeon Overview and Level Annotations

Branches:
Dungeon (10/15)            Temple (1/1) D:4           Sewer (visited)
Ossuary (visited)
   Lair: D:8-11         Orc: D:9-12

Altars:
Ashenzari
Cheibriados
Dithmenos
Elyvilon
Gozag
Hepliaklqana
Kikubaaqudgha
Makhleb
Nemelex Xobeh
Okawaru
Qazlal
Ru
Sif Muna
Trog
Uskayaw
Vehumet
Wu Jian
Xom
Zin
The Shining One

Shops:
D:5 ?((


Innate Abilities, Weirdness & Mutations

You have sharp toenails.
You passively map a small area around you.
Your natural rate of healing is unusually fast.
You are weak. (Str -2)


Message History

The ufetubus hits you but does no damage.
The ufetubus closely misses you.
You see here a jackal corpse.
You open the door. The ufetubus barely misses you. The ufetubus misses you.
The boulder beetle leaps!
The orc warrior hits you from afar with a +0 glaive!
* * * LOW HITPOINT WARNING * * *
The ufetubus closely misses you. x2
Unknown command.
The boulder beetle leaps!
There is an open door here.
Unknown command.
Your surroundings suddenly seem different.
An orc warrior and an orc wizard come into view.
Unknown command.
Casting: Vampiric Draining (safe; 1% risk of failure)
Confirm with . or Enter, or press ? or * to list all spells.
Aiming: Vampiric Draining (safe; 1% risk of failure)
Press: ? - help, Shift-Dir - straight line, f - orc priest
Aim: an orc priest, wielding a +0 falchion and wearing a +0 chain mail The orc priest is severely wounded.
You feel life coursing into your body.
The orc warrior shouts!
The orc wizard shouts!
You hear a howl!
The orc priest hits you with a +0 falchion.
* * * LOW HITPOINT WARNING * * *
The orc warrior throws a boomerang.
The boomerang hits you!
* * * LOW HITPOINT WARNING * * *
Casting: Vampiric Draining (safe; 1% risk of failure)
Confirm with . or Enter, or press ? or * to list all spells.
Aiming: Vampiric Draining (safe; 1% risk of failure)
Press: ? - help, Shift-Dir - straight line, f/p - orc priest
Aim: an orc priest, wielding a +0 falchion and wearing a +0 chain mail (severely wounded)
You kill the orc priest!
Kikubaaqudgha accepts your kill.
You feel life coursing into your body.
The orc wizard hits you but does no damage.
A howler monkey comes into view.
The orc warrior throws a boomerang.
The boomerang hits you!
You die...
Kikubaaqudgha rasps: "You have failed me!
Welcome... death!"

* #..8#Z.#8. , , *#°###+#### #.
##### , , , #'#??$$?(#
#...#...## ** ** *#5#######
.......÷.## #.o8#o.# ........<.#
*##..ooJ+
..........###########..####8J#
.......o..[...........#* ##)###
.......Y.#.....@)...### #.)#..
,............<..o....# * ##oo.#
........##........o...h.>....###
......Y.##...........##......#
.......*#.......##..##.......
#.......# ###......#. *#.......#
,##.....*.. ######### #..T.. #.
,, , * ####.# ..


You could see an orc warrior, a howler monkey and an orc wizard.

Vanquished Creatures
  The ghost of Likado the Frost Mage, a novice MfIE of Fedhas (D:8)
  An ugly thing (D:9)
  Maurice (D:9)
  2 hornets (D:9)
  A vampire (D:8)
  A wraith (D:8)
  2 yaks (D:9)
  Menkaure (D:7)
  Edmund (D:5)
  A black bear (D:6)
  3 ice beasts
  3 orc warriors (D:7)
  An eye of draining (D:10)
  A necrophage (D:8)
  8 ogres
  A centaur (D:6)
  A kobold brigand (D:8)
  6 bullfrogs
  A gnoll sergeant (D:8)
  A wyvern skeleton (D:6)
  13 scorpions (Ossuary)
  5 wights
  3 centaur zombies
  3 human zombies (Ossuary)
  5 hounds
  A jelly (D:9)
  8 orc priests
  2 bullfrog skeletons
  A centaur skeleton (D:6)
  A gnoll shaman (D:7)
  3 iguanas
  7 orc wizards
  6 worker ants
  A killer bee zombie (D:7)
  A hound zombie (D:5)
  A howler monkey zombie (D:8)
  3 mummies (Ossuary)
  15 gnolls
  13 adders
  2 scorpion zombies (Ossuary)
  A shadow imp (D:8)
  2 white imps
  4 ufetubi
  An ooze (D:2)
  3 adder skeletons
  4 worms
  A dart slug (D:1)
  7 leopard geckos
  45 orcs
  5 ball pythons
  10 bats
  8 giant cockroaches
  14 goblins
  8 hobgoblins
  18 jackals
  3 quokkas
  11 frilled lizards
  2 gnoll zombies (Ossuary)
  2 goblin zombies (Ossuary)
  3 hobgoblin zombies (Ossuary)
  20 kobolds
  A kobold zombie (Ossuary)
  A leopard gecko zombie (D:6)
  4 orc zombies (Ossuary)
  A quokka skeleton (D:4)
  8 rats
319 creatures vanquished.

Vanquished Creatures (others)
  24 plants
24 creatures vanquished.

Grand Total: 343 creatures vanquished

Notes
Turn   | Place    | Note
-------+----------+-------------------------------------------
     0 | D:1      | dickylongcocking the Human Necromancer began the quest for
                  | the Orb.
     0 | D:1      | Reached XP level 1. HP: 13/13 MP: 3/3
   420 | D:1      | Reached XP level 2. HP: 14/19 MP: 0/5
  1347 | D:1      | Reached XP level 3. HP: 22/24 MP: 6/6
  1690 | D:1      | Reached skill level 5 in Necromancy
  1804 | D:1      | Learned a level 3 spell: Vampiric Draining
  2078 | D:2      | Found a radiant altar of Vehumet.
  2231 | D:2      | Reached XP level 4. HP: 17/30 MP: 0/7
  2872 | D:2      | Found a sacrificial altar of Ru.
  2902 | D:2      | Reached skill level 6 in Necromancy
  2902 | D:2      | Reached XP level 5. HP: 11/35 MP: 1/8
  3697 | D:3      | Found a glowing drain.
  3716 | Sewer    | Entered a sewer
  4216 | Sewer    | Reached XP level 6. HP: 25/41 MP: 2/9
  4954 | D:3      | Reached skill level 7 in Necromancy
  5715 | D:4      | Found a staircase to the Ecumenical Temple.
  5724 | Temple   | Entered the Ecumenical Temple
  5872 | Temple   | Became a worshipper of Kikubaaqudgha
  6156 | D:4      | Noticed an ogre
  6157 | D:4      | Noticed an ogre
  6162 | D:4      | Killed an ogre
  6163 | D:4      | Reached skill level 8 in Necromancy
  6163 | D:4      | Reached XP level 7. HP: 20/46 MP: 0/10
  6354 | D:4      | Reached skill level 1 in Fighting
  6603 | D:4      | Learned a level 5 spell: Agony
  7436 | D:5      | Entered Level 5 of the Dungeon
  7735 | D:5      | Found Tacvell's Magic Scroll Boutique.
  7759 | D:5      | Found a shimmering blue altar of Sif Muna.
  7866 | D:5      | Reached skill level 1 in Armour
  8287 | D:5      | Found Jamiket's Antique Weapon Emporium.
  8393 | D:5      | Reached XP level 8. HP: 38/57 MP: 1/11
  8732 | D:5      | Found Waxkadon's Weapon Shoppe.
  8740 | D:5      | Found an opulent altar of Gozag.
  9668 | D:6      | Reached skill level 9 in Necromancy
 10172 | D:6      | Noticed Edmund
 10195 | D:5      | Killed Edmund
 10816 | D:6      | Reached XP level 9. HP: 44/65 MP: 9/13
 11032 | D:6      | Reached * piety under Kikubaaqudgha
 11032 | D:6      | Identified Kikubaaqudgha's Catalogue of Sinister Secrets
                  | (Kikubaaqudgha gifted it to you on level 6 of the Dungeon)
 11032 | D:6      | Received a gift from Kikubaaqudgha
 11045 | D:6      | Learned a level 2 spell: Corpse Rot
 11411 | D:6      | Found a sacrificial altar of Ru.
 11415 | D:6      | Found a broken altar of Ashenzari.
 12368 | D:7      | Noticed Menkaure
 12378 | D:7      | Killed Menkaure
 13268 | D:7      | Learned a level 4 spell: Animate Dead
 13410 | D:8      | Found a sand-covered staircase.
 13448 | Ossuary  | Entered an ossuary
 13479 | Ossuary  | Reached skill level 10 in Necromancy
 13552 | Ossuary  | Gained mutation: You have sharp toenails. [potion of
                  | mutation]
 13552 | Ossuary  | Gained mutation: You passively map a small area around you.
                  | [potion of mutation]
 13552 | Ossuary  | Gained mutation: You are weak. (Str -2) [potion of
                  | mutation]
 13552 | Ossuary  | Gained mutation: Your natural rate of healing is unusually
                  | fast. [potion of mutation]
 13677 | Ossuary  | Reached skill level 1 in Maces & Flails
 13681 | Ossuary  | Reached ** piety under Kikubaaqudgha
 13704 | Ossuary  | Reached XP level 10. HP: 63/73 MP: 14/17
 13884 | Ossuary  | Reached skill level 5 in Spellcasting
 13985 | Ossuary  | Reached skill level 5 in Fighting
 14182 | D:8      | Found a transporter.
 14212 | D:8      | Found a stormy altar of Qazlal.
 14469 | D:8      | Reached *** piety under Kikubaaqudgha
 14469 | D:8      | Identified Kikubaaqudgha's Disquisition on Sinister Arts
                  | (Kikubaaqudgha gifted it to you on level 8 of the Dungeon)
 14469 | D:8      | Received a gift from Kikubaaqudgha
 14481 | D:8      | Learned a level 4 spell: Dispel Undead
 14522 | D:8      | Found a transporter.
 14523 | D:8      | Noticed Likado's ghost (novice MfIE)
 15141 | D:8      | Killed Likado's ghost
 16092 | D:9      | Noticed Maurice
 16293 | D:9      | Learned a level 1 spell: Apportation
 16321 | D:9      | Reached **** piety under Kikubaaqudgha
 16489 | D:9      | Reached XP level 11. HP: 76/80 MP: 14/20
 16626 | D:9      | Found a shimmering altar of Xom.
 16672 | D:9      | Got a brightly glowing quarterstaff
 16672 | D:9      | Identified the +10 quarterstaff "Transmigrator" {vorpal,
                  | rPois rN+} (You found it on level 9 of the Dungeon)
 16698 | D:10     | Entered Level 10 of the Dungeon
 16698 | D:10     | Noticed a cyan ugly thing
 16716 | D:9      | Killed a cyan ugly thing
 16717 | D:9      | Reached skill level 1 in Staves
 16717 | D:9      | Reached skill level 11 in Necromancy
 16840 | D:9      | Reached skill level 5 in Dodging
 17359 | D:9      | Killed Maurice
 17514 | D:10     | Noticed a boulder beetle
 17534 | D:10     | Hit by a boomerang thrown by an orc warrior

Illustrated notes

Levels and vault maps discovered:
D:1:      roderic_chinese_lattice_arrival, layout_loops_ring, serial_forest,
          infiniplex_forest_clump_C, infiniplex_forest_lined_3_way,
          infiniplex_forest_lined_1, infiniplex_forest_lined_2,
          infiniplex_forest_lined_room_3, infiniplex_forest_straight_2,
          infiniplex_forest_lined_ring, infiniplex_forest_straight_4
D:2:      cheibrodos_greedy_goblins, layout_basic, vehumet_crystals,
          lemuel_statue_altar
D:3:      layout_rooms, cheibrodos_sewer_entry_sluice
D:4:      layout_layer_cave, minmay_temple_entry_tees
D:5:      layout_basic, kennysheep_mini_moat, serial_shops,
          nicolae_shop_overgrown_old_shop, shop, kennysheep_little_box,
          basic_altar, kennysheep_diamond
D:6:      layout_basic, minitemple, uniq_edmund
D:7:      layout_cave_pools, uniq_menkaure
D:8:      layout_loops_cross, lemuel_round_altar, gammafunk_ghost_mausoleum,
          enter_ossuary_2
D:9:      layout_long_grid, lemuel_crystal_altar, lightli_orcish_oven,
          uniq_maurice
D:10:     minmay_chambers_of_sixes, layout_rooms, orc_0_dummy,
          grunt_decor_resistance
Temple:   kb_temple_of_zot

Skill      XL: |  1  2  3  4  5  6  7  8  9 10 11 |
---------------+----------------------------------+-----
Necromancy     | 5 6 8 9 10 11 | 11.3
Fighting       | 2 3 4 5 6 |  6.0
Armour         | 1 3 4 |  4.5
Spellcasting   | 3 4 6 |  6.9
Dodging        | 3 4 5 |  5.3
Maces & Flails | 1 4 |  4.4
Staves         | 2 |  2.7
Stealth        | |  2.0

Action                   |  1- 3 |  4- 6 |  7- 9 | 10-12 || total
-------------------------+-------+-------+-------+-------++-------
Melee: Dagger            |     6 |       |       |       ||     6
       Short sword       |    87 |   302 |   170 |       ||   559
       Dire flail        |       |       |   199 |   186 ||   385
       Whip              |       |       |     6 |    84 ||    90
       Quarterstaff      |       |       |       |    33 ||    33
 Cast: Pain              |    22 |     5 |    22 |    27 ||    76
       Vampiric Draining |     4 |    31 |    55 |    65 ||   155
       Corpse Rot        |       |       |     2 |     1 ||     3
       Agony             |       |       |     1 |     2 ||     3
       Dispel Undead     |       |       |       |    11 ||    11
       Animate Dead      |       |       |       |     1 ||     1
Invok: Receive Corpses   |       |       |     1 |     1 ||     2
Evoke: Wand              |       |       |     6 |     2 ||     8
  Use: Potion            |       |     7 |     3 |     5 ||    15
       Scroll            |       |       |     2 |     4 ||     6
 Stab: Sleeping          |     2 |     5 |     4 |     4 ||    15
       Distracted        |       |       |       |     1 ||     1
Armor: Robe              |     7 |       |       |       ||     7
       Leather armour    |    28 |    98 |   175 |   115 ||   416
Dodge: Dodged            |   107 |   320 |   413 |   332 ||  1172

Table legend: (Time is in decaauts)
 A = Elapsed time spent in this place.
 B = Non-inter-level travel time spent in this place.
 C = Inter-level travel time spent in this place.
 D = Time resting spent in this place.
 E = Time spent auto-exploring this place.
 F = Levels seen in this place.
 G = Mean time per level.
                   A        B        C        D        E       F      G
               +--------+--------+--------+--------+--------+-----+--------+
         Total |  17861 |  17459 |    402 |   4883 |   9383 |  13 | 1373.9 |
       Dungeon |  15677 |  15318 |    359 |   4619 |   8094 |  10 | 1567.7 |
        Temple |    346 |    303 |     43 |    151 |    142 |   1 |  346.0 |
         Sewer |   1137 |   1137 |      0 |     16 |    923 |   1 | 1137.0 |
       Ossuary |    700 |    700 |      0 |     97 |    224 |   1 |  700.0 |
               +--------+--------+--------+--------+--------+-----+--------+

Top non-repeatable levels by time:
     D:5: 2498 daAuts
     D:1: 2067 daAuts
     D:7: 1863 daAuts
     D:9: 1841 daAuts
     D:6: 1762 daAuts
     D:2: 1633 daAuts
     D:8: 1478 daAuts
     D:3: 1227 daAuts
     D:4: 1209 daAuts
   Sewer: 1137 daAuts
 Ossuary: 700 daAuts
  Temple: 346 daAuts
    D:10: 94 daAuts
